 Dungeon Crawl Stone Soup version 0.22-a0-248-gc8378ba3fb (webtiles) character file.

137 MrRokkomies the Ruffian (level 5, -1/46 (48) HPs)
             Began as a Ghoul Monk on Feb 28, 2018.
             Slain by a gnoll sergeant
             ... wielding a +0 trident
              (3 damage)
             ... on level 4 of the Dungeon.
             The game lasted 00:06:17 (3089 turns).

MrRokkomies the Ruffian (Ghoul Monk)                Turns: 3089, Time: 00:06:18

HP:   -1/46 (48)    AC:  8    Str: 16    XL:     5   Next: 20%
MP:   4/4           EV: 11    Int:  5    God:
Gold: 240           SH:  0    Dex: 11    Spells: 4/4 levels left

rFire    . . .     SeeInvis .     - Unarmed
rCold    + . .     Gourm    .   (no shield)
rNeg     + + +     Faith    .   l - +0 ring mail
rPois    ∞         Spirit   .   m - +2 helmet
rElec    .         Reflect  .   (no cloak)
rCorr    .         Harm     .   (no gloves)
MR       .....                  (no boots)
Stlth    +.........             (no amulet)
HPRegen  0.00/turn              d - ring of stealth
MPRegen  0.09/turn              a - ring of loudness (curse)

@: rotting
A: rotting body, claws 1, carnivore, cold resistance 1, negative energy
resistance 3, inhibited regeneration, torment resistance, unbreathing
a: no special abilities


You were on level 4 of the Dungeon.
You were hungry.

You visited 1 branch of the dungeon, and saw 4 of its levels.

You collected 240 gold pieces.

Inventory:

Hand Weapons
 b - a +0 blowgun
Missiles
 e - 6 tomahawks (quivered)
Armour
 l - a +0 ring mail (worn)
 m - a +2 helmet (worn)
Jewellery
 a - a cursed ring of loudness (right claw)
 d - a ring of stealth (left claw)
Scrolls
 f - 2 scrolls of magic mapping
 g - 4 scrolls of teleportation
 h - a scroll of blinking {unknown}
Potions
 c - 2 potions of curing
 i - a potion of brilliance
 j - a potion of ambrosia
 k - a potion of flight
Comestibles
 n - 6 rations


   Skills:
 * Level 5.0 Fighting
 - Level 2.6 Dodging
 - Level 2.1 Stealth
 * Level 5.0 Unarmed Combat


You had 4 spell levels left.
You didn't know any spells.

Dungeon Overview and Level Annotations

Branches:
Dungeon (4/15)
 Temple: D:4-7

Altars:

Annotations:
D:3 motoroller71's ghost, amateur GnGl


Innate Abilities, Weirdness & Mutations

Your body is rotting away.
You thrive on raw meat.
You are immune to poison.
You have sharp fingernails.
You are carnivorous and can eat meat at any time.
Your flesh is cold resistant. (rC+)
You are immune to negative energy. (rN+++)
You do not regenerate when monsters are visible.
You are immune to unholy pain and torment.
You can survive without breathing.


Message History

You closely miss the gnoll sergeant. The gnoll hits you but does no damage.
The gnoll sergeant hits you with a trident.
You closely miss the gnoll sergeant.
The gnoll hits you from afar with a spear of piercing.
* * * LOW HITPOINT WARNING * * *
x2 The gnoll sergeant barely misses you.
You scratch the gnoll sergeant but do no damage.
The gnoll hits you from afar with a spear of piercing.
* * * LOW HITPOINT WARNING * * *
x2 The gnoll sergeant hits you with a trident.
* * * LOW HITPOINT WARNING * * *
You barely miss the gnoll sergeant. The gnoll hits you but does no damage.
You scratch the gnoll sergeant but do no damage.
The gnoll sergeant closely misses you. The gnoll hits you but does no damage.
The gnoll shouts!
You claw the gnoll sergeant!
The gnoll sergeant is moderately wounded.
You hear a shout!
The gnoll sergeant hits you with a trident.
You die...

#### ## #.. .# #######
#.######.###### #.....#
#..ggg@........
#.....###.#####.......#
#.........# #..####.#
#.........#####g.#.#
#.....g..........#..
##.....##.####...#.#
###.##.###.# #...#.#
#......# #g# #...#.####
#.#.######.# #........#
.


You could see a gnoll sergeant and 3 gnolls.

Vanquished Creatures
  Robin (D:2)
  A gnoll (D:4)
  3 adders
  A worm (D:3)
  A dart slug (D:1)
  2 leopard geckos
  7 orcs (D:3)
  A ball python (D:4)
  3 giant cockroaches
  20 goblins
  7 hobgoblins
  3 jackals (D:3)
  3 quokkas
  5 bats
  2 frilled lizards
  6 kobolds
  5 rats
71 creatures vanquished.

Vanquished Creatures (others)
  4 toadstools (D:1)
4 creatures vanquished.

Grand Total: 75 creatures vanquished

Notes
Turn   | Place    | Note
-------+----------+-------------------------------------------
     0 | D:1      | MrRokkomies the Ghoul Monk began the quest for the Orb.
     0 | D:1      | Reached XP level 1. HP: 19/19 MP: 0/0
    88 | D:1      | Reached XP level 2. HP: 21/26 MP: 1/1
   755 | D:2      | Reached XP level 3. HP: 14/33 MP: 2/2
  1160 | D:2      | Noticed Robin
  1174 | D:2      | Killed Robin
  1174 | D:2      | Reached XP level 4. HP: 13/41 MP: 3/3
  2197 | D:3      | Noticed motoroller71's ghost (amateur GnGl)
  2222 | D:3      | Reached XP level 5. HP: 28/46 MP: 4/4
  2232 | D:3      | HP: 2/46 [goblin/stone (1)]
  2800 | D:4      | Reached skill level 5 in Unarmed Combat
  3055 | D:4      | Reached skill level 5 in Fighting
  3086 | D:4      | HP: 2/46 [gnoll sergeant/trident (3)]
  3089 | D:4      | Slain by a gnoll sergeant

Vault maps used:
D:1:      ldierk_walled_garden_2, minmay_misc_feat_pillars, serial_bayou_pond_b
D:2:      uniq_robin
D:3:      kennysheep_goblin_castle, hex_large, minmay_misc_feat_doors
D:4:      minmay_door_path, minmay_temple_entry_enclosed_plants,
          lightli_minifort, uniq_purgy, uniq_eustachio

Skill      XL: |  1  2  3  4  5 |
---------------+----------------+-----
Fighting       | 4 5 |  5.0
Unarmed Combat | 4 5 |  5.0
Dodging        | |  2.6
Stealth        | |  2.1

Action                   |  1- 3 |  4- 6 || total
-------------------------+-------+-------++-------
Melee: Unarmed           |   107 |   133 ||   240
       Punch             |     1 |     2 ||     3
  Use: Scroll            |     1 |    12 ||    13
       Potion            |     1 |     1 ||     2
 Stab: Sleeping          |     6 |     2 ||     8
  Eat: Chunk             |     6 |     6 ||    12
Armor: Robe              |    14 |     5 ||    19
       Ring mail         |       |    45 ||    45
Dodge: Dodged            |    52 |    97 ||   149

Table legend:
 A = Spawn XP
 B = Non-spawn XP
 C = Spawn XP percentage of total XP
 D = Spawn monster count
 E = Non-spawn monster count
 F = Spawn count percentage of total count
 G = Total turns spent on level
                    A         B        C        D         E        F      G
               +---------+---------+-------+---------+---------+-------+---------
         Total |       0 |     197 |   0.0 |       0 |      71 |   0.0 |  3089
               +---------+---------+-------+---------+---------+-------+---------
           D:1 |       0 |      29 |   0.0 |       0 |      17 |   0.0 |   711
           D:2 |       0 |      67 |   0.0 |       0 |      24 |   0.0 |   980
           D:3 |       0 |      80 |   0.0 |       0 |      25 |   0.0 |  1103
           D:4 |       0 |      21 |   0.0 |       0 |       5 |   0.0 |   295
               +---------+---------+-------+---------+---------+-------+---------
